 Dungeon Crawl Stone Soup version 0.21-a0-583-g2c32b0fbb7 (webtiles) character file.

81205 daggaz the Arsonist (level 15, -12/94 HPs)
             Began as a Deep Elf Fire Elementalist on Dec 20, 2017.
             Was a High Priest of Vehumet.
             Mangled by dricus's ghost (17 damage)
             ... on level 14 of the Dungeon.
             The game lasted 01:23:42 (30235 turns).

daggaz the Arsonist (Deep Elf Fire Elementalist)   Turns: 30235, Time: 01:23:42

Health: -12/94     AC: 22    Str:  9    XL:     15   Next: 26%
Magic:  13/34      EV: 16    Int: 27    God:    Vehumet [*****.]
Gold:   1177       SH:  3    Dex: 15    Spells: 3/41 levels left

rFire    . . .     SeeInvis .   N - +7 broad axe of Qoas {chop, rC+}
rCold    + . .     Gourm    .   a - +0 buckler {AC+3}
rNeg     . . .     Faith    .   s - +2 robe {Archmagi}
rPois    .         Spirit   .   H - +0 helmet
rElec    .         Reflect  .   (no cloak)
rCorr    .         Harm     .   D - +3 pair of gloves of Qinweng {Str+4}
MR       +++..                  O - +2 pair of boots
Stlth    ++........             (no amulet)
HPRegen  0.25/turn              T - ring of protection from magic
MPRegen  0.24/turn              V - +5 ring of protection

@: very slightly contaminated, heavily drained
A: molten scales 1, blurry vision 1, magic resistance 1, wild magic 1
a: Renounce Religion


You were on level 14 of the Dungeon.
You worshipped Vehumet.
Vehumet was extremely pleased with you.
You were hungry.

You visited 4 branches of the dungeon, and saw 23 of its levels.

You collected 2274 gold pieces.
You spent 1097 gold pieces at shops.

Inventory:

Hand Weapons
 F - the +3 spear of Doom {pierce, Str+5}
   (You found it on level 6 of the Dungeon)

   It inflicts extra damage upon your enemies.
   It affects your strength (+5).
 N - the +7 broad axe of Qoas (weapon) {chop, rC+}
   (You bought it in a shop on level 7 of the Dungeon)

   It inflicts extra damage upon your enemies.
   It protects you from cold.
Missiles
 d - 57 stones (quivered)
Armour
 a - a +0 buckler of protection (worn)
 s - a +2 robe of the Archmagi (worn)
 D - the +3 pair of gloves of Qinweng (worn) {Str+4}
   (You found it on level 6 of the Dungeon)

   It affects your strength (+4).
 H - a +0 helmet (worn)
 O - a +2 pair of boots (worn)
Jewellery
 o - an uncursed ring of poison resistance
 v - an uncursed ring of resist corrosion
 y - an uncursed ring of protection from cold
 R - an uncursed ring of protection from cold
 T - a ring of protection from magic (left hand)
 V - a +5 ring of protection (right hand)
Wands
 b - a wand of disintegration (16)
 f - a wand of iceblast (10)
 p - a wand of enslavement (11)
 w - a wand of clouds (4)
 C - a wand of paralysis (52)
 J - a wand of digging (5)
 L - a wand of random effects (20)
Scrolls
 h - a scroll of magic mapping
 i - 6 scrolls of teleportation
 k - 7 scrolls of remove curse
 n - 5 scrolls of fog
 t - 2 scrolls of enchant armour
 u - a scroll of blinking
 B - 2 scrolls of fear {unknown}
Potions
 g - 5 potions of heal wounds {unknown}
 j - 4 potions of cancellation
 l - 4 potions of might
 m - 5 potions of lignification
 q - 4 potions of brilliance
 r - a potion of invisibility
 A - a potion of flight
 E - 2 potions of magic
 G - a potion of resistance
 I - 2 potions of haste
 K - 4 potions of curing
 M - 3 potions of agility {unknown}
Books
 e - a book of Air

   Spells                             Type                      Level
   a - Shock                          Conjuration/Air              1
   b - Swiftness                      Charms/Air                   2
   c - Static Discharge               Conjuration/Air              3
   d - Airstrike                      Air                          4
   e - Lightning Bolt                 Conjuration/Air              5
Miscellaneous
 x - a lamp of fire
 Q - a phial of floods
Comestibles
 c - 30 rations


   Skills:
 - Level 11.1(9.3) Fighting
 - Level 9.2(7.4) Dodging
 - Level 2.4(0.9) Stealth
 + Level 13.8(11.8) Spellcasting
 * Level 14.6(12.6) Conjurations
 * Level 14.6(12.6) Fire Magic
 - Level 8.0(6.2) Earth Magic


You had 3 spell levels left.
You knew the following spells:

 Your Spells              Type           Power        Failure   Level  Hunger
a - Flame Tongue          Conj/Fire      #####        1%          1    None
b - Conjure Flame         Conj/Fire      ########     1%          3    None
c - Sticky Flame          Conj/Fire      ########     1%          4    None
d - Fireball              Conj/Fire      ########..   1%          5    ###....
e - Force Lance           Conj/Tloc      #######.     1%          4    None
f - Iron Shot             Conj/Erth      #######...   7%          6    #####..
g - Throw Frost           Conj/Ice       ######       1%          2    None
h - Swiftness             Chrm/Air       ####....     13%         2    None
i - Bolt of Fire          Conj/Fire      ########..   2%          6    #####..
j - Lee's Rapid Deconstr  Erth           #######...   4%          5    ###....


Dungeon Overview and Level Annotations

Branches:
Dungeon (14/15)            Temple (1/1) D:7            Lair (6/6) D:10
  Swamp (0/4) Lair:4       Spider (0/4) Lair:3        Slime (0/5) Lair:6
    Orc (2/2) D:10            Elf (0/3) Orc:2
 Vaults: D:13-14

Altars:
Ashenzari
Cheibriados
Dithmenos
Elyvilon
Fedhas
Gozag
Hepliaklqana
Kikubaaqudgha
Nemelex Xobeh
Okawaru
Ru
Sif Muna
Trog
Vehumet
Wu Jian
Yredelemnul
Zin
The Shining One
Beogh
Jiyva

Shops:
D:4 (   D:7 }((!(   D:9 [   Orc:1 :   Orc:2 *}[%

Annotations:
D:5 1 runed door
D:12 2 runed doors
D:14 dricus's ghost, journeyman MiBe


Innate Abilities, Weirdness & Mutations

You are partially covered in molten scales. (AC +2)
Scrolls take you a little longer to read.
You are resistant to hostile enchantments. (MR+)
Your spells are a little harder to cast, but a little more powerful.


Message History

Press: ? - help, Shift-Dir - straight line, f/p - dricus's ghost
Aim: dricus's ghost, wielding a weapon of draining (flame, heavily damaged)
You feel a surge of power!
The bolt of fire hits dricus's ghost.
Dricus's ghost resists.
Dricus's ghost is heavily damaged.
You are feeling hungry.
Dricus's ghost is engulfed in blazing flames.
Dricus's ghost shrieks, "There is no future for me!"
Dricus's ghost closely misses you.
Casting: Bolt of Fire
Confirm with . or Enter, or press ? or * to list all spells.
Aiming: Bolt of Fire
Press: ? - help, Shift-Dir - straight line, f/p - dricus's ghost
Aim: dricus's ghost, wielding a weapon of draining (flame, heavily damaged)
You feel a surge of power!
You miscast Bolt of Fire.
You are very lightly contaminated with residual magic.
Your skin tingles.
You block dricus's ghost's attack.
Dricus's ghost is engulfed in blazing flames.
Dricus's ghost hits you!
You die...

#..............
##.###...#
#.......##
#..####§# #§#
#§#######
#.#..<..#
.##.##W#.....#
........@.....#
#.##.##.#.....#
.. #.#.....#
#.# #.####### .
... ##. .


You could see dricus's ghost.

Vanquished Creatures
  The ghost of SnubMonkey the Cleaver, a journeyman DDFi of Makhleb (D:9)
  Josephine (D:13)
  8 hydras
  Erica (D:11)
  A catoblepas (D:14)
  14 two-headed ogres
  2 centaur warriors (D:13)
  2 ogre magi (Orc:2)
  3 skeletal warriors (D:13)
  2 deep trolls (Orc:2)
  An orange crystal statue (D:12)
  Pikel (D:5)
  2 deep elf magi
  A necromancer (Lair:4)
  An orc knight (Orc:2)
  2 orc sorcerers
  4 oklob plants (Lair:5)
  4 ugly things
  3 manticores
  8 black mambas
  4 cyclopes
  Joseph (D:10)
  2 gargoyles (D:11)
  12 spiny frogs
  A redback zombie (D:14)
  A rime drake (Lair:6)
  11 komodo dragons
  11 trolls
  6 hornets
  A merfolk (D:12)
  4 jumping spiders (Lair:3)
  7 polar bears
  Prince Ribbit (D:5)
  3 blink frogs (Lair:3)
  14 dream sheep
  9 hippogriffs
  2 redbacks (Lair:3)
  15 spriggans (Lair:6)
  Sigmund (D:5)
  7 wraiths
  A vampire (D:13)
  53 yaks
  4 wyverns
  A human (shapeshifter) (D:13)
  3 hungry ghosts
  3 wargs (Orc:2)
  A swamp worm (Lair:4)
  13 water moccasins
  A soldier ant (D:9)
  6 porcupines
  8 orc warriors
  2 sky beasts
  4 black bears
  4 phantoms
  2 ice beasts
  2 necrophages
  4 eyes of draining
  25 ogres
  4 boggarts (Lair:6)
  30 wolves
  4 crocodiles
  4 centaurs
  A big kobold (D:13)
  14 bullfrogs
  A gnoll sergeant (D:11)
  2 troll zombies (D:10)
  9 killer bees
  3 scorpions
  4 wights (D:12)
  An electric eel (Lair:5)
  4 howler monkeys
  7 crimson imps
  A centaur zombie (D:6)
  6 hounds
  4 jellies
  5 centaur skeletons
  A quasit (D:10)
  13 orc priests
  12 orc wizards
  Natasha (thrice) (D:4)
  6 iguanas
  3 polar bear simulacra (Lair:4)
  5 worker ants
  4 yak simulacra (Lair:4)
  4 ogre zombies (D:10)
  A hound skeleton (D:6)
  A howler monkey skeleton (D:11)
  8 gnolls
  10 adders
  4 shadow imps
  A white imp (D:6)
  2 oozes (D:1)
  An adder zombie (D:6)
  An adder skeleton (D:4)
  A worm (D:2)
  3 dart slugs
  5 leopard geckos
  61 orcs
  6 bats
  7 giant cockroaches
  2 goblins
  2 hobgoblins (D:3)
  18 jackals
  4 quokkas
  6 frilled lizards
  3 goblin skeletons
  4 goblin zombies
  2 hobgoblin skeletons (D:10)
  2 hobgoblin zombies (D:10)
  11 kobolds
  4 kobold skeletons (D:6)
  3 kobold zombies (D:6)
  2 leopard gecko skeletons (D:4)
  2 orc skeletons
  10 orc zombies (D:10)
  A quokka zombie (D:10)
  11 rats
  4 river rat simulacra (Lair:4)
  A butterfly (Lair:6)
  A fungus (Lair:2)
  3 plants (D:10)
675 creatures vanquished.

Vanquished Creatures (collateral kills)
  A cyclops (Orc:2)
  2 ogres (Orc:2)
3 creatures vanquished.

Vanquished Creatures (others)
  A jackal skeleton (D:5)
  3 fungi
  3 plants
7 creatures vanquished.

Grand Total: 685 creatures vanquished

Notes
Turn   | Place    | Note
-------+----------+-------------------------------------------
     0 | D:1      | daggaz the Deep Elf Fire Elementalist began the quest for the Orb.
     0 | D:1      | Reached XP level 1. HP: 10/10 MP: 6/6
   241 | D:1      | Reached XP level 2. HP: 15/15 MP: 5/8
   788 | D:1      | Reached XP level 3. HP: 19/19 MP: 4/9
   856 | D:1      | Learned a level 3 spell: Conjure Flame
  1806 | D:2      | Reached XP level 4. HP: 24/24 MP: 5/10
  2430 | D:3      | Reached skill level 5 in Conjurations
  2430 | D:3      | Reached XP level 5. HP: 28/28 MP: 2/11
  2722 | D:3      | Found an ancient bone altar of Kikubaaqudgha.
  2828 | D:3      | Found a sparkling altar of Nemelex Xobeh.
  3110 | D:3      | Found a sparkling altar of Nemelex Xobeh.
  3484 | D:4      | Learned a level 4 spell: Sticky Flame
  3505 | D:4      | Reached skill level 5 in Fire Magic
  3600 | D:4      | Reached XP level 6. HP: 31/32 MP: 9/12
  3977 | D:4      | Reached XP level 7. HP: 36/36 MP: 5/13
  4003 | D:4      | Noticed Natasha
  4007 | D:4      | Killed Natasha
  4099 | D:4      | Found a sacrificial altar of Ru.
  4259 | D:4      | Noticed Natasha
  4265 | D:4      | Killed Natasha
  4334 | D:4      | Found Witriz's Weapon Shoppe.
  4860 | D:4      | Found an iron altar of Okawaru.
  5313 | D:4      | Noticed Natasha
  5317 | D:4      | Killed Natasha
  5770 | D:5      | Entered Level 5 of the Dungeon
  5770 | D:5      | Noticed Pikel
  5780 | D:5      | Killed Pikel
  5780 | D:5      | Reached XP level 8. HP: 27/41 MP: 2/14
  6063 | D:5      | Found a shadowy altar of Dithmenos.
  6068 | D:5      | Noticed Prince Ribbit
  6075 | D:5      | Killed Prince Ribbit
  6410 | D:5      | Learned a level 5 spell: Fireball
  6757 | D:5      | Found a snail-covered altar of Cheibriados.
  6781 | D:5      | Found a glowing silver altar of Zin.
  6784 | D:5      | Noticed an angel
  6905 | D:5      | Found a runed door.
  6910 | D:5      | Found a basalt altar of Yredelemnul.
  6987 | D:5      | Noticed Sigmund
  6990 | D:5      | Killed Sigmund
  7688 | D:6      | Reached XP level 9. HP: 45/45 MP: 8/15
  7698 | D:6      | Got a pair of dazzling gloves
  7851 | D:6      | Identified the +3 pair of gloves of Qinweng {Str+4} (You found it on level 6 of the Dungeon)
  7955 | D:6      | Got an ichor-stained spear
  8345 | D:6      | Found a glowing golden altar of the Shining One.
  8923 | D:7      | Found Korri's Antique Weapon Shop.
  9058 | D:7      | Found Jiple's Antique Weapon Shoppe.
  9098 | D:7      | Reached skill level 5 in Spellcasting
  9098 | D:7      | Reached skill level 10 in Fire Magic
  9272 | D:7      | Identified the cursed +3 spear of Doom {pierce, Str+5} (You found it on level 6 of the Dungeon)
  9292 | D:7      | Reached skill level 10 in Conjurations
  9324 | D:7      | Found Icucvezani's Antique Weapon Shoppe.
  9333 | D:7      | Found Lythrula's Distillery.
  9559 | D:7      | Found an opulent altar of Gozag.
  9665 | D:7      | Found a staircase to the Ecumenical Temple.
  9733 | D:7      | Found Hela Pass's Gadget Emporium.
  9786 | Temple   | Entered the Ecumenical Temple
  9910 | Temple   | Became a worshipper of Vehumet
  9962 | D:7      | Bought a bloodstained broad axe for 279 gold pieces
  9963 | D:7      | Identified the +7 broad axe of Qoas {chop, rC+} (You bought it in a shop on level 7 of the Dungeon)
 10015 | D:7      | Bought a potion of magic for 88 gold pieces
 10015 | D:7      | Bought a potion of curing for 33 gold pieces
 10015 | D:7      | Bought a potion of mutation for 88 gold pieces
 10015 | D:7      | Gained mutation: You are dopey. (Int -2) [potion of mutation]
 10015 | D:7      | Gained mutation: You are resistant to hostile enchantments. (MR+) [potion of mutation]
 10015 | D:7      | Gained mutation: You are agile. (Dex +2) [potion of mutation]
 10016 | D:7      | Lost mutation: You are dopey. (Int -2) [potion of mutation]
 10016 | D:7      | Lost mutation: You are agile. (Dex +2) [potion of mutation]
 10016 | D:7      | Gained mutation: You are partially covered in molten scales. (AC +2) [potion of mutation]
 10016 | D:7      | Gained mutation: Scrolls take you a little longer to read. [potion of mutation]
 10016 | D:7      | Gained mutation: Your spells are a little harder to cast, but a little more powerful. [potion of mutation]
 10030 | D:8      | Noticed a two-headed ogre
 10033 | D:8      | Noticed a two-headed ogre
 10036 | D:8      | Killed a two-headed ogre
 10439 | D:8      | Noticed a two-headed ogre
 10450 | D:8      | Killed a two-headed ogre
 10450 | D:8      | Reached XP level 10. HP: 49/50 MP: 2/23
 10670 | D:8      | Killed a two-headed ogre
 11264 | D:8      | Found a glowing golden altar of the Shining One.
 11766 | D:9      | Found a bloodstained altar of Trog.
 12000 | D:9      | Noticed a two-headed ogre
 12015 | D:9      | Killed a two-headed ogre
 12064 | D:9      | Noticed SnubMonkey's ghost (journeyman DDFi)
 12282 | D:9      | Noticed a manticore
 12287 | D:9      | Killed a manticore
 12412 | D:9      | Reached * piety under Vehumet
 12412 | D:9      | Offered knowledge of Shock by Vehumet.
 12677 | D:9      | Found Gyihof's Armour Emporium.
 12838 | D:9      | Killed SnubMonkey's ghost
 12838 | D:9      | Reached skill level 10 in Spellcasting
 12838 | D:9      | Reached XP level 11. HP: 50/54 MP: 11/27
 12992 | D:10     | Entered Level 10 of the Dungeon
 13284 | D:10     | Noticed Joseph
 13296 | D:10     | Killed Joseph
 13454 | D:10     | Noticed a two-headed ogre
 13462 | D:10     | Killed a two-headed ogre
 13792 | D:10     | Found a staircase to the Lair.
 13866 | D:10     | Learned a level 4 spell: Force Lance
 13873 | D:10     | Learned a level 6 spell: Iron Shot
 13956 | D:10     | Reached ** piety under Vehumet
 13956 | D:10     | Offered knowledge of Sting by Vehumet.
 14158 | D:10     | Found a staircase to the Orcish Mines.
 14471 | Orc:1    | Entered Level 1 of the Orcish Mines
 14595 | Orc:1    | Found Hocee's Book Emporium.
 14609 | Orc:1    | Noticed an orc sorcerer
 14610 | Orc:1    | Killed an orc sorcerer
 15239 | D:9      | Bought a +2 robe of the Archmagi for 377 gold pieces
 15338 | Orc:2    | Entered Level 2 of the Orcish Mines
 15369 | Orc:2    | Offered knowledge of Throw Frost by Vehumet.
 15373 | Orc:2    | Learned a level 2 spell: Throw Frost
 15805 | Orc:2    | Noticed a two-headed ogre
 15805 | Orc:2    | Noticed an ogre mage
 15808 | Orc:2    | Killed a two-headed ogre
 15809 | Orc:2    | Killed an ogre mage
 15971 | Orc:2    | Reached *** piety under Vehumet
 16022 | Orc:2    | Noticed an orc knight
 16070 | Orc:2    | Noticed a deep troll
 16073 | Orc:2    | Killed a deep troll
 16214 | Orc:2    | Noticed an ogre mage
 16215 | Orc:2    | Noticed a deep troll
 16216 | Orc:2    | Killed an ogre mage
 16216 | Orc:2    | Reached skill level 1 in Earth Magic
 16217 | Orc:2    | Killed a deep troll
 16217 | Orc:2    | Reached XP level 12. HP: 50/59 MP: 15/30
 16231 | Orc:2    | Noticed a two-headed ogre
 16240 | Orc:2    | Killed a two-headed ogre
 16340 | Orc:2    | Noticed a two-headed ogre
 16342 | Orc:2    | Killed a two-headed ogre
 16443 | Orc:2    | Noticed a two-headed ogre
 16460 | Orc:2    | Offered knowledge of Ignite Poison by Vehumet.
 16462 | Orc:2    | Killed a two-headed ogre
 16696 | Orc:2    | Reached skill level 5 in Dodging
 16756 | Orc:2    | Noticed a two-headed ogre
 16768 | Orc:2    | Killed a two-headed ogre
 16889 | Orc:2    | Noticed a two-headed ogre
 16892 | Orc:2    | Killed a two-headed ogre
 16941 | Orc:2    | Noticed a two-headed ogre
 16944 | Orc:2    | Killed a two-headed ogre
 17003 | Orc:2    | Reached skill level 5 in Earth Magic
 17007 | Orc:2    | Noticed a two-headed ogre
 17015 | Orc:2    | Killed a two-headed ogre
 17403 | Orc:2    | Found Teinkim's Armour Emporium.
 17413 | Orc:2    | Found Ygax's Food Emporium.
 17490 | Orc:2    | Reached **** piety under Vehumet
 17554 | Orc:2    | Found a roughly hewn altar of Beogh.
 17590 | Orc:2    | Found Juitowk's Gadget Shop.
 17599 | Orc:2    | Found Soocruqe's General Store.
 17723 | Orc:2    | Found a staircase to the Elven Halls.
 17890 | Orc:2    | Bought a +0 buckler of protection for 184 gold pieces
 17929 | Orc:2    | Bought a scroll of remove curse for 48 gold pieces
 18044 | Lair:1   | Entered Level 1 of the Lair of Beasts
 18635 | Lair:1   | Offered knowledge of Airstrike by Vehumet.
 18635 | Lair:1   | Reached XP level 13. HP: 63/63 MP: 1/32
 19610 | Lair:2   | Reached skill level 1 in Fighting
 19954 | Lair:2   | Learned a level 2 spell: Swiftness
 20577 | Lair:3   | Got a sheer robe
 20714 | Lair:3   | Reached skill level 5 in Fighting
 21016 | Lair:3   | Found a hole to the Spider Nest.
 22050 | Lair:4   | Found a staircase to the Swamp.
 22210 | Lair:4   | Reached ***** piety under Vehumet
 22261 | Lair:4   | Offered knowledge of Bolt of Cold by Vehumet.
 23287 | Lair:4   | Identified the +1 robe "Hero's Friend" {Regen+ Dex+2} (You found it on level 3 of the Lair of Beasts)
 23839 | Lair:5   | Reached XP level 14. HP: 84/84 MP: 29/33
 24516 | Lair:6   | Entered Level 6 of the Lair of Beasts
 24670 | Lair:6   | Reached skill level 10 in Fighting
 24975 | Lair:6   | Offered knowledge of Conjure Ball Lightning by Vehumet.
 26085 | Lair:6   | Learned a level 6 spell: Bolt of Fire
 26126 | Lair:6   | Found a staircase to the Slime Pits.
 26151 | Lair:6   | Found a viscous altar of Jiyva.
 26539 | D:11     | Noticed Erica
 26541 | D:11     | Killed Erica
 26728 | D:11     | Offered knowledge of Lee's Rapid Deconstruction by Vehumet.
 26755 | D:11     | Learned a level 5 spell: Lee's Rapid Deconstruction
 27759 | D:12     | Found a runed door.
 27845 | D:12     | Found a runed door.
 27891 | D:12     | Found a runed door.
 27900 | D:12     | Found a runed door.
 28731 | D:13     | Reached XP level 15. HP: 94/94 MP: 13/34
 29060 | D:13     | Noticed Josephine
 29062 | D:13     | Killed Josephine
 30215 | D:14     | Noticed dricus's ghost (journeyman MiBe)
 30230 | D:14     | HP: 4/94 [dricus's ghost (10)]
 30235 | D:14     | Mangled by dricus's ghost

Vault maps used:
D:1:      minmay_arrival_open_corners
D:2:      kennysheep_six_static_rooms
D:3:      kiku_gazebo_garden_becter, nemelex_xobeh_ov_fountains_minmay,
          nemelex_spade_bored_becter
D:4:      minmay_door_path, nicolae_ru_great_annihilating_truth, serial_shops,
          kennysheep_mini_moat, lemuel_statue_altar, uniq_natasha
D:5:      lemuel_doored_altar, nicolae_overflow_crystal_walls, zin_angel,
          first_ration, dk_yredelemnul_ordeal, uniq_prince_ribbit1, uniq_pikel,
          uniq_sigmund
D:6:      nicolae_tso_besieged_by_evil
D:7:      nicolae_gozag_cash_rules_everything_around_me, temple_green,
          serial_shops, shop_statue, shop, shop,
          nicolae_shop_overgrown_old_shop, shop, corexii_corridor_pit
D:8:      marbit_many_paths
D:9:      trog_eyes_of_draining, serial_shops, shop
D:10:     david_lair_shrubbed, zombieorc1_lemuel, uniq_joseph
D:11:     uniq_erica
D:12:     hangedman_stone_soup, minmay_statue_crystal_thing
D:13:     uniq_josephine
D:14:     erik_vaults_2, minmay_misc_feat_secret_circle, hangedman_decor_points,
          uniq_kirke
Temple:   nicolae_temple_figure_eight
Lair:3:   nicolae_spider_entry_tight_spaces
Lair:4:   minmay_swamp_entry_worms, eino_house_with_fridge
Lair:5:   beast_lair_carwin_2, minmay_lair_oklob_chamber, serial_bayou_shore_a
Lair:6:   minmay_lair_end_enchanted_forest, slime_altar_1, serial_bayou_pond_c,
          lemuel_fruit_fields, grunt_megastairs_1
Orc:1:    serial_shops, shop
Orc:2:    st_orc_open, mines1_david

Skill      XL: |  1  2  3  4  5  6  7  8  9 10 11 12 13 14 |
---------------+-------------------------------------------+-----
Conjurations   | 2 3 5 6 8 9 10 12 13 14 | 14.6
Fire Magic     | 4 5 6 8 9 10 12 13 14 | 14.6
Spellcasting   | 7 10 12 13 | 13.8
Earth Magic    | 1 7 8 |  8.0
Dodging        | 3 8 9 |  9.2
Fighting       | 8 11 | 11.1
Stealth        | |  2.4

Action                   |  1- 3 |  4- 6 |  7- 9 | 10-12 | 13-15 || total
-------------------------+-------+-------+-------+-------+-------++-------
Melee: Rapier            |     3 |     1 |       |       |       ||     4
       Morningstar       |       |    10 |       |       |       ||    10
       Short sword       |       |    20 |   110 |       |       ||   130
       Spear             |       |       |    17 |       |       ||    17
       Broad axe         |       |       |     4 |    56 |   117 ||   177
Throw: Stone             |     8 |     8 |    31 |    26 |     8 ||    81
 Cast: Flame Tongue      |    62 |    85 |   192 |   198 |    27 ||   564
       Conjure Flame     |       |     2 |     5 |    10 |     6 ||    23
       Sticky Flame      |       |     3 |    15 |    27 |    67 ||   112
       Fireball          |       |       |    10 |   102 |   239 ||   351
       Iron Shot         |       |       |       |       |    13 ||    13
       Swiftness         |       |       |       |       |     1 ||     1
       Bolt of Fire      |       |       |       |       |    13 ||    13
       Throw Frost       |       |       |       |       |     3 ||     3
Evoke: Wand              |       |       |       |       |     1 ||     1
  Use: Scroll            |       |     1 |     6 |     7 |    10 ||    24
       Potion            |       |       |     2 |       |     1 ||     3
 Stab: Sleeping          |       |     1 |     4 |     2 |       ||     7
  Eat: Chunk             |     3 |     7 |    11 |    28 |    40 ||    89
       Ration            |       |       |     4 |     3 |     4 ||    11
Armor: Robe              |     4 |     4 |    44 |    40 |    85 ||   177
       Leather armour    |       |       |       |     5 |       ||     5
Dodge: Dodged            |     9 |    45 |   173 |   112 |   176 ||   515
Block: Buckler           |       |       |       |       |    43 ||    43

Table legend:
 A = Spawn XP
 B = Non-spawn XP
 C = Spawn XP percentage of total XP
 D = Spawn monster count
 E = Non-spawn monster count
 F = Spawn count percentage of total count
 G = Total turns spent on level
                    A         B        C        D         E        F      G
               +---------+---------+-------+---------+---------+-------+---------
         Total |       0 |  116008 |   0.0 |       0 |     673 |   0.0 | 30235
               +---------+---------+-------+---------+---------+-------+---------
           D:1 |       0 |      51 |   0.0 |       0 |      25 |   0.0 |  1011
           D:2 |       0 |      61 |   0.0 |       0 |      15 |   0.0 |  1029
           D:3 |       0 |     188 |   0.0 |       0 |      28 |   0.0 |  1232
           D:4 |       0 |     958 |   0.0 |       0 |      41 |   0.0 |  2498
           D:5 |       0 |    1440 |   0.0 |       0 |      14 |   0.0 |  1655
           D:6 |       0 |     750 |   0.0 |       0 |      32 |   0.0 |  1438
           D:7 |       0 |     674 |   0.0 |       0 |      20 |   0.0 |  1190
           D:8 |       0 |    4064 |   0.0 |       0 |      19 |   0.0 |  1610
           D:9 |       0 |    3462 |   0.0 |       0 |      13 |   0.0 |  1364
          D:10 |       0 |    3005 |   0.0 |       0 |      46 |   0.0 |  1497
          D:11 |       0 |    3958 |   0.0 |       0 |      32 |   0.0 |  1220
          D:12 |       0 |    5407 |   0.0 |       0 |      28 |   0.0 |   955
          D:13 |       0 |   12608 |   0.0 |       0 |      49 |   0.0 |  1392
          D:14 |       0 |    1995 |   0.0 |       0 |       5 |   0.0 |   129
        Lair:1 |       0 |    3851 |   0.0 |       0 |      20 |   0.0 |  1416
        Lair:2 |       0 |    4840 |   0.0 |       0 |      17 |   0.0 |   792
        Lair:3 |       0 |    7639 |   0.0 |       0 |      28 |   0.0 |  1698
        Lair:4 |       0 |    9944 |   0.0 |       0 |      47 |   0.0 |  1615
        Lair:5 |       0 |    7771 |   0.0 |       0 |      24 |   0.0 |  1060
        Lair:6 |       0 |   23514 |   0.0 |       0 |      96 |   0.0 |  1894
         Orc:1 |       0 |    1130 |   0.0 |       0 |      14 |   0.0 |   755
         Orc:2 |       0 |   18698 |   0.0 |       0 |      60 |   0.0 |  2650
               +---------+---------+-------+---------+---------+-------+---------
